 Dungeon Crawl Stone Soup version 0.30-a0-165-g1891117ce2 (webtiles) character file.

Game seed: 3311564747309807393

28 ryw the Trooper (level 3, 29/30 HPs)
             Began as a Demonspawn Monk on Sept 29, 2022.
             Quit the game on level 2 of the Dungeon.
             The game lasted 00:01:29 (1071 turns).

ryw the Trooper (Demonspawn Monk)                   Turns: 1071, Time: 00:01:29

Health: 29/30      AC:  3    Str: 11    XL:     3   Next: 0%
Magic:  3/3        EV: 12    Int: 13    God:
Gold:   51         SH:  0    Dex: 15    Spells: 2/2 levels left

rFire   . . .      SeeInvis .      - Unarmed
rCold   . . .      Faith    .    (no shield)
rNeg    . . .      Spirit   .    a - +0 robe
rPois   .          Reflect  .    (no helmet)
rElec   .          Harm     .    g - +0 cloak
rCorr   .          Rampage  .    (no gloves)
Will    .....                    (no boots)
Stlth   ++........               (no amulet)
HPRegen 1.10/turn                (no ring)
MPRegen 0.08/turn                (no ring)

@: no status effects
A: powered by death 1, weakness stinger 1
a: no special abilities


You were on level 2 of the Dungeon.
You visited 1 branch of the dungeon, and saw 2 of its levels.

You collected 51 gold pieces.

Inventory:

Armour
 a - a +0 robe (worn)
 g - a +0 cloak (worn)
Jewellery
 f - a ring of poison resistance
Scrolls
 d - a scroll of identify {unknown}
 h - a scroll of acquirement {unknown}
 j - a scroll of magic mapping {unknown}
 m - a scroll of silence {unknown}
Potions
 b - a potion of ambrosia
 c - a potion of heal wounds {unknown}
 e - a potion of flight {unknown}
 i - a potion of mutation {unknown}
 k - 3 potions of brilliance {unknown}
 l - a potion of might {unknown}


   Skills:
 + Level 4.2 Fighting
 - Level 2.6 Dodging
 - Level 1.7 Stealth
 - Level 2.6 Unarmed Combat


You had 2 spell levels left.
You didn't know any spells.
Your spell library contained the following spells:

 Spells                   Type           Power      Damage    Failure   Level
 Cigotuvi's Dreadful Rot  Necr/Pois/Air  0%         N/A       43%         2
 Poisonous Vapours        Pois/Air       0%         N/A       43%         2


Dungeon Overview and Level Annotations

Branches:
Dungeon (2/15)

Altars:


Innate Abilities, Weirdness & Mutations

You regenerate a little health from kills.
You have a small tail.


Message History

No target in view!
No target in view!
HP restored.
l - a white potion
m - a scroll labelled XEUWKO OMEEJUM
Found a stone.
Found a stone staircase leading down.
A kobold comes into view. It is wielding a +0 short sword.
There is a stone staircase leading down here.
You see here a stone.
A bat comes into view.
The kobold shouts!
The bat moves out of view.
The kobold hits you with a +0 short sword.
You closely miss the kobold. The kobold barely misses you.
You hit the kobold but do no damage.
The kobold hits you with a +0 short sword.
You barely miss the kobold. The bat closely misses you. x2
The kobold barely misses you.
You hit the kobold but do no damage. The bat closely misses you.
The kobold barely misses you.
You hit the kobold.
You kill the kobold!
The bat hits you but does no damage.
You hit the bat.
The bat is severely wounded.
The bat closely misses you. The bat hits you but does no damage.
You closely miss the bat.
The bat is severely wounded.
The bat hits you but does no damage. The bat hits you but does no damage.
The bat closely misses you.
You hit the bat.
You kill the bat!
You have reached level 3!
Your experience leads to an increase in your attributes!
Increase (S)trength, (I)ntelligence, or (D)exterity?
You feel clever. x2; Your demonic ancestry asserts itself...
You grow a small tail.
Are you sure you want to abandon this character and quit the game? (Confirm with "yes".)

###################
......)....(>.....#
........#######...##
#######.## ##.....##
.#@.# #.......#
#.......# #.......#
###.#...###†......#
#..#...†.......## #
.####........#
#.##...........#
#..............#
..####.........# #
##.#.....##


There were no monsters in sight!

Vanquished Creatures
  A dart slug (D:1)
  5 ball pythons (D:1)
  4 bats
  2 giant cockroaches (D:1)
  2 goblins (D:1)
  2 hobgoblins
  3 jackals (D:1)
  2 kobolds
  4 rats
25 creatures vanquished.

Notes
Turn   | Place    | Note
-------+----------+-------------------------------------------
     0 | D:1      | ryw the Demonspawn Monk began the quest for the Orb.
     0 | D:1      | Reached XP level 1. HP: 18/18 MP: 1/1
   181 | D:1      | Gained mutation: You regenerate a little health from kills.
                  | [demonic ancestry]
   181 | D:1      | Reached XP level 2. HP: 24/24 MP: 2/2
   402 | D:1      | Found a faded altar of an unknown god.
   638 | D:1      | Reached skill level 4 in Fighting
  1071 | D:2      | Gained mutation: You have a small tail. [demonic ancestry]
  1071 | D:2      | Reached XP level 3. HP: 29/30 MP: 3/3
  1071 | D:2      | Quit the game

Illustrated notes

Levels and vault maps discovered:
D:1:      co_arrival_square_in_a_square_in_a_square, layout_basic,
          chequers_ecumenical_altar_island, minmay_surrounded
D:2:      layout_rooms, minmay_pentomino_x2

Skill      XL: |  1  2 |
---------------+-------+-----
Fighting       | 4 |  4.2
Dodging        | |  2.6
Stealth        | |  1.7
Unarmed Combat | |  2.6

Action                   || total
-------------------------++-------
Melee: Unarmed           ||   110
       Punch             ||     1
 Stab: Sleeping          ||     2
Armor: Robe              ||    30
Dodge: Dodged            ||    75

Table legend: (Time is in decaauts)
 A = Elapsed time spent in this place.
 B = Non-inter-level travel time spent in this place.
 C = Inter-level travel time spent in this place.
 D = Time resting spent in this place.
 E = Time spent auto-exploring this place.
 F = Levels seen in this place.
 G = Mean time per level.
                   A        B        C        D        E       F      G
               +--------+--------+--------+--------+--------+-----+--------+
         Total |   1069 |   1027 |     42 |      9 |    776 |   2 |  534.5 |
       Dungeon |   1069 |   1027 |     42 |      9 |    776 |   2 |  534.5 |
               +--------+--------+--------+--------+--------+-----+--------+

Top non-repeatable levels by time:
     D:1: 993 daAuts
     D:2: 75 daAuts
